 Dungeon Crawl Stone Soup version 0.21.1-1-g345015f (webtiles) character file.

64 Monsterracer the Insei (level 4, -1/32 HPs)
             Began as a Human Arcane Marksman on Feb 11, 2018.
             Slain by Crazy Yiuf
             ... wielding a +3 quarterstaff of chaos
              (4 damage)
             ... on level 2 of the Dungeon.
             The game lasted 00:03:44 (2219 turns).

Monsterracer the Insei (Human Arcane Marksman)      Turns: 2219, Time: 00:03:45

Health: -1/32      AC:  6    Str: 12    XL:     4   Next: 32%
Magic:  5/5        EV: 10    Int: 13    God:
Gold:   77         SH:  0    Dex: 13    Spells: 4/5 levels left

rFire    . . .     SeeInvis .   a - +0 shortbow
rCold    . . .     Gourm    .   (shield currently unavailable)
rNeg     . . .     Faith    .   b - +0 ring mail
rPois    .         Spirit   .   (no helmet)
rElec    .         Reflect  .   (no cloak)
rCorr    .         Harm     .   (no gloves)
MR       .....                  g - +0 pair of boots
Stlth    +.........             (no amulet)
HPRegen  0.10/turn              (no ring)
MPRegen  0.09/turn              (no ring)

@: drained
A: no striking features
a: no special abilities


You were on level 2 of the Dungeon.
You were not hungry.

You visited 1 branch of the dungeon, and saw 2 of its levels.

You collected 77 gold pieces.

Inventory:

Hand Weapons
 a - a +0 shortbow (weapon)
Missiles
 d - 33 arrows (quivered)
Armour
 b - a +0 ring mail (worn)
 g - a +0 pair of boots (worn)
Jewellery
 o - an uncursed ring of ice
Scrolls
 e - a scroll of immolation {unknown}
 f - 6 scrolls of remove curse {unknown}
 h - a scroll of enchant armour {unknown}
 j - a scroll of amnesia {unknown}
 l - a scroll of fog {unknown}
 n - 3 scrolls of identify {unknown}
 p - a scroll of blinking {unknown}
Potions
 i - a potion of heal wounds {unknown}
 k - 2 potions of invisibility {unknown}
 m - a potion of might {unknown}
Comestibles
 c - 7 rations


   Skills:
 - Level 1.0(0.7) Fighting
 - Level 2.0(1.7) Bows
 - Level 2.0(1.7) Dodging
 + Level 3.6(3.3) Unarmed Combat
 - Level 1.0(0.7) Spellcasting
 - Level 3.0(2.6) Hexes


You had 4 spell levels left.
You knew the following spells:

 Your Spells              Type           Power        Failure   Level  Hunger
a - Corona                Hex            #......      22%         1    ##.....


Dungeon Overview and Level Annotations

Branches:
Dungeon (2/15)

Altars:

Annotations:
D:2 Crazy Yiuf


Message History

k - 2 smoky red potions (gained 1)
You see here a whip.
You open the door.
There is an open door here.
A rat comes into view.
Found a scroll labeled GENOLAIRUGH.
A rat is nearby!
A rat is nearby!
You punch the rat!
You kill the rat!
No target in view!
You butcher the rat corpse.
l - a chunk of flesh You see here a rat skeleton. x2
Eating a chunk of flesh.
You eat the chunk of flesh.
This raw flesh tastes terrible.
l - a scroll labeled GENOLAIRUGH No target in view!
You open the door.
There is an open door here.
As you open the door, it creaks loudly!
There is an open door here.
Partly explored, unopened runed door.
Partly explored, unopened runed door.
a - a +0 shortbow (weapon)
You open the door.
Crazy Yiuf the Enlightened comes into view.
He is wielding a quarterstaff of chaos.
Crazy Yiuf shouts!
Found a mace.
Firing (i - inventory):
d - 43 arrows (quivered)
Press: ? - help, Shift-Dir - straight line, f - Crazy Yiuf
Aim: Crazy Yiuf, wielding a quarterstaff of chaos and wearing a cloak You shoot an arrow.
The arrow hits Crazy Yiuf!
Crazy Yiuf is moderately wounded.
Firing (i - inventory):
d - 42 arrows (quivered)
Press: ? - help, Shift-Dir - straight line, f/p - Crazy Yiuf
Aim: Crazy Yiuf, wielding a quarterstaff of chaos and wearing a cloak (moderately wounded)
You shoot an arrow. The arrow hits Crazy Yiuf.
Crazy Yiuf is moderately wounded.
Crazy Yiuf laughs, "Action!
Snoogle sizzlefizz sanguine."
Firing (i - inventory):
d - 41 arrows (quivered)
Press: ? - help, Shift-Dir - straight line, f/p - Crazy Yiuf
Aim: Crazy Yiuf, wielding a quarterstaff of chaos and wearing a cloak (moderately wounded)
You shoot an arrow. The arrow barely misses Crazy Yiuf.
Crazy Yiuf hits you with a quarterstaff of chaos!
You take 7 damage, and have 25/32 hp.
MASSIVE DAMAGE!!
Firing (i - inventory):
d - 40 arrows (quivered)
Press: ? - help, Shift-Dir - straight line, f/p - Crazy Yiuf
Aim: Crazy Yiuf, wielding a quarterstaff of chaos and wearing a cloak (moderately wounded)
You shoot an arrow. The arrow barely misses Crazy Yiuf.
Crazy Yiuf barely misses you.
Firing (i - inventory):
d - 39 arrows (quivered)
Press: ? - help, Shift-Dir - straight line, f/p - Crazy Yiuf
Aim: Crazy Yiuf, wielding a quarterstaff of chaos and wearing a cloak (moderately wounded)
You shoot an arrow. The arrow barely misses Crazy Yiuf.
Crazy Yiuf yells, "Hah!
Rot shoe tired."
Crazy Yiuf barely misses you.
Firing (i - inventory):
d - 38 arrows (quivered)
Press: ? - help, Shift-Dir - straight line, f/p - Crazy Yiuf
Aim: Crazy Yiuf, wielding a quarterstaff of chaos and wearing a cloak (moderately wounded)
You shoot an arrow. The arrow hits Crazy Yiuf.
Crazy Yiuf is heavily wounded.
Crazy Yiuf misses you. x2
Firing (i - inventory):
d - 37 arrows (quivered)
Press: ? - help, Shift-Dir - straight line, f/p - Crazy Yiuf
Aim: Crazy Yiuf, wielding a quarterstaff of chaos and wearing a cloak (heavily wounded)
You shoot an arrow. The arrow closely misses Crazy Yiuf.
Crazy Yiuf hits you with a quarterstaff of chaos.
You take 5 damage, and have 20/32 hp.
You are too injured to fight recklessly!
You are too injured to fight recklessly!
You are too injured to fight recklessly!
You are too injured to fight recklessly!
Firing (i - inventory):
d - 36 arrows (quivered)
Press: ? - help, Shift-Dir - straight line, f/p - Crazy Yiuf
Aim: Crazy Yiuf, wielding a quarterstaff of chaos and wearing a cloak (heavily wounded)
You shoot an arrow. The arrow hits Crazy Yiuf.
Crazy Yiuf is severely wounded.
Crazy Yiuf hits you with a quarterstaff of chaos.
* * * LOW HITPOINT WARNING * * *
Crazy Yiuf freezes you.
* * * LOW HITPOINT WARNING * * *
You take 8 damage, and have 12/32 hp.
MASSIVE DAMAGE!!
Firing (i - inventory):
d - 35 arrows (quivered)
Press: ? - help, Shift-Dir - straight line, f/p - Crazy Yiuf
Aim: Crazy Yiuf, wielding a quarterstaff of chaos and wearing a cloak (severely wounded)
You shoot an arrow. The arrow hits Crazy Yiuf.
Crazy Yiuf is almost dead.
Crazy Yiuf hits you with a quarterstaff of chaos!
* * * LOW HITPOINT WARNING * * *
You feel drained.
* * * LOW HITPOINT WARNING * * *
You take 10 damage, and have 2/32 hp.
MASSIVE DAMAGE!!
Firing (i - inventory):
d - 34 arrows (quivered)
Press: ? - help, Shift-Dir - straight line, f/p - Crazy Yiuf
Aim: Crazy Yiuf, wielding a quarterstaff of chaos and wearing a cloak (almost dead)
You shoot an arrow. The arrow hits Crazy Yiuf.
Crazy Yiuf is almost dead.
Crazy Yiuf hits you with a quarterstaff of chaos.
You die...

.......#..# #)(.# #....# #.#.#
.......##.# #.(.# #.##.####.#.#
.......##.# .(. #......##.#.#
.......##.# #(# #.##.#.##.#.#
.........## #.## #....#.##.#.#
.........## ##.# #....#.##.#.#
..........# #.## #......##.#.#
..........# ##g# #..#........#
..........# ##@## #....####.###
..........# ##...# #...<.....#
..........# #....# #...(########
..........# #....# #..#.#..)....
..........####....###...(#'######
.....###.........##....(>.....(#
.....# #........###............#
.....# #.......## #............#
.##### ######### #...)........#


You could see Crazy Yiuf.

Vanquished Creatures
  Jessica (D:2)
  A worm (D:2)
  2 leopard geckos (D:1)
  3 bats
  5 goblins
  2 hobgoblins
  8 jackals
  3 kobolds (D:1)
  4 frilled lizards
  2 rats
31 creatures vanquished.

Vanquished Creatures (others)
  5 toadstools (D:1)
5 creatures vanquished.

Grand Total: 36 creatures vanquished

Notes
Turn   | Place    | Note
-------+----------+-------------------------------------------
     0 | D:1      | Monsterracer the Human Arcane Marksman began the quest for the Orb.
     0 | D:1      | Reached XP level 1. HP: 15/15 MP: 2/2
    99 | D:1      | Reached skill level 1 in Unarmed Combat
   176 | D:1      | Reached XP level 2. HP: 21/21 MP: 3/3
   563 | D:1      | Reached XP level 3. HP: 18/26 MP: 4/4
  1561 | D:2      | Noticed Jessica
  1567 | D:2      | HP: 9/26 [Jessica/nerve-wracking pain (10)]
  1570 | D:2      | Killed Jessica
  1570 | D:2      | Reached XP level 4. HP: 12/32 MP: 5/5
  2028 | D:2      | Found a runed door.
  2205 | D:2      | Noticed Crazy Yiuf
  2213 | D:2      | HP: 14/32 [Crazy Yiuf/quarterstaff of chaos (6)]
  2214 | D:2      | HP: 4/32 [Crazy Yiuf/quarterstaff of chaos (8)]
  2219 | D:2      | Slain by Crazy Yiuf

Skill      XL: |  1  2  3 |
---------------+----------+-----
Unarmed Combat | 1 2 3 |  3.6
Fighting       | |  1.0
Bows           | |  2.0
Dodging        | |  2.0
Spellcasting   | |  1.0
Hexes          | |  3.0

Action                   |  1- 3 |  4- 6 || total
-------------------------+-------+-------++-------
Melee: Unarmed           |   105 |     1 ||   106
       Punch             |     1 |       ||     1
 Fire: Shortbow          |    15 |    10 ||    25
  Eat: Chunk             |     2 |     2 ||     4
Armor: Ring mail         |    45 |       ||    45
Dodge: Dodged            |    77 |     4 ||    81

Vault maps used:
D:1:      ldierk_walled_garden, corexii_item_surrounded_by_moat
D:2:      first_ration, uniq_crazy_yiuf_cottage, uniq_jessica
